[Event "Titled Tuesday Blitz March 14 Late 2023"]
[White "Matinian, Nikita"]
[Black "Goncalves, Davi Sulzbacher"]
[WhiteFideId "24129100"]
[BlackFideId "2154510"]
[WhiteElo "2422"]
[BlackElo "2182"]
[Result "1-0"]
[Round "04"]
[TimeControl "180+1"]
[Date "2023.03.14"]
[WhiteClock "0:00:35"]
[BlackClock "0:00:15"]

1. e4 c5 2. Nc3 Nc6 3. Bb5 Nd4 4. Nf3 Nxb5 5. Nxb5 e6 6. d4 Qa5+ 7. Nc3 Nf6 8. O-O cxd4 9. Nxd4 Bb4 10. e5 Qxe5 11. Re1 Qh5 12. Qxh5 Nxh5 13. Bd2 d5 14. Ndb5 O-O 15. a3 Ba5 16. b4 Bb6 17. Na4 Bd8 18. Be3 Bd7 19. Nbc3 b6 20. Nb2 Bf6 21. Bd2 Rac8 22. Nbd1 g6 23. Rc1 Ng7 24. g4 d4 25. Ne4 Be7 26. g5 Bc6 27. f3 Rfd8 28. Ndf2 Nf5 29. Ng4 Kg7 30. Bf4 Bxe4 31. fxe4 Nh4 32. Be5+ Kf8 33. Rf1 Ke8 34. Nf6+ Bxf6 35. Bxf6 d3 36. cxd3 Rxc1 37. Rxc1 Rxd3 38. Rc8+ Kd7 39. Rd8+ Kc6 40. Rxd3 1-0


[Site "https://www.chess.com"]

[Event "Titled Tuesday Blitz March 14 Late 2023"]
[White "Mekhane, Adam"]
[Black "Osuna Vega, Enrique"]
[WhiteFideId "36050601"]
[BlackFideId "2219549"]
[WhiteElo "2177"]
[BlackElo "2162"]
[Result "1-0"]
[Round "04"]
[TimeControl "180+1"]
[Date "2023.03.14"]
[WhiteClock "0:00:13"]
[BlackClock "0:00:08"]

1. e4 d6 2. d4 Nf6 3. Nc3 e5 4. Nf3 Nbd7 5. Bc4 Be7 6. O-O O-O 7. a4 a5 8. h3 c6 9. Re1 Nb6 10. Bb3 Nfd7 11. Be3 exd4 12. Nxd4 Nc5 13. Qf3 Nxb3 14. cxb3 Nd7 15. Nf5 Ne5 16. Qg3 Bxf5 17. exf5 Bf6 18. Ne4 Bh4 19. Qh2 Re8 20. Rad1 d5 21. Bd4 Nd7 22. Nd6 Rxe1+ 23. Rxe1 Nf6 24. Nxb7 Qb8 25. Qxb8+ Rxb8 26. Nxa5 h6 27. Nxc6 Rxb3 28. a5 Nd7 29. a6 Nb6 30. Bxb6 Rxb6 31. a7 Ra6 32. Re8+ Kh7 33. a8=Q Rxa8 34. Rxa8 1-0


[Site "https://www.chess.com"]

[Event "Titled Tuesday Blitz March 14 Late 2023"]
[White "Melikhov, Evgeny V."]
[Black "Ozates, Tuna"]
[WhiteFideId "4122046"]
[BlackFideId "6354521"]
[WhiteElo "2158"]
[BlackElo "2151"]
[Result "0-1"]
[Round "04"]
[TimeControl "180+1"]
[Date "2023.03.14"]
[WhiteClock "0:00:01"]
[BlackClock "0:01:03"]

1. d4 f5 2. e4 fxe4 3. Nc3 Nf6 4. Bg5 e6 5. Nxe4 Be7 6. Bxf6 Bxf6 7. Nf3 O-O 8. Nxf6+ Qxf6 9. Qd2 b6 10. Qg5 Bb7 11. Qxf6 gxf6 12. Nd2 Nc6 13. c3 e5 14. d5 Ne7 15. c4 c6 16. dxc6 Bxc6 17. O-O-O Rac8 18. f3 d5 19. Kb1 d4 20. Bd3 Ng6 21. Be4 Nf4 22. Bxc6 Rxc6 23. b3 Rc7 24. g3 Ng2 25. f4 Re8 26. fxe5 fxe5 27. Ne4 Kg7 28. Rdf1 Ne3 29. Rf3 b5 30. cxb5 Rb8 31. Rc1 Rxc1+ 32. Kxc1 Rxb5 33. Nd2 Rc5+ 34. Nc4 Nxc4 35. bxc4 Rxc4+ 36. Kd2 Ra4 37. a3 e4 38. Rb3 Kf6 39. g4 Kg5 40. h3 Kf4 41. Ke2 d3+ 42. Kd2 Rc4 43. Rb7 Rc2+ 44. Kd1 Ke3 45. Rxa7 Rh2 46. Kc1 d2+ 0-1


[Site "https://www.chess.com"]

[Event "Titled Tuesday Blitz March 14 Late 2023"]
[White "Mendez Fortes, Eduardo Jesus"]
[Black "Ibarra Jerez, Jose Carlos"]
[WhiteFideId "3502376"]
[BlackFideId "2226332"]
[WhiteElo "2307"]
[BlackElo "2638"]
[Result "0-1"]
[Round "04"]
[TimeControl "180+1"]
[Date "2023.03.14"]
[WhiteClock "0:00:02"]
[BlackClock "0:00:06"]

1. e4 c5 2. Nf3 Nc6 3. d4 cxd4 4. Nxd4 e5 5. Nb5 d6 6. N1c3 a6 7. Na3 Be6 8. Nc4 Rb8 9. Ne3 Nf6 10. g3 h5 11. h4 Nd4 12. Bg2 g6 13. O-O Bh6 14. Ncd5 O-O 15. c3 Nc6 16. Nxf6+ Qxf6 17. Nd5 Qg7 18. Nf6+ Kh8 19. Bxh6 Qxh6 20. Qxd6 Rfd8 21. Qc5 Qd2 22. f4 Qxb2 23. f5 Rd2 24. Bh3 Rd3 25. Qf2 Qxf2+ 26. Kxf2 Bc4 27. Rfd1 Rbd8 28. Nd5 Rxd1 29. Rxd1 Bxa2 30. fxg6 fxg6 31. Be6 Ne7 32. Ke3 Nc6 33. Ra1 Bc4 34. Ra4 Bb5 35. Ra1 Kg7 36. Rb1 Rd6 37. Bc8 Na5 38. Ra1 Nc4+ 39. Kf3 Bc6 40. Nb4 Rd8 41. Nxc6 Rxc8 42. Ne7 Rf8+ 43. Ke2 Rd8 44. Nd5 Nd6 45. Rb1 Kh6 46. Rb6 Nxe4 47. Ne7 Nd6 48. c4 Rd7 49. Ng8+ Kg7 50. c5 Nc4 51. c6 Nxb6 52. cxd7 Nxd7 53. Ne7 Kf6 54. Nd5+ Kf5 55. Ne7+ Kg4 56. Kf2 g5 57. hxg5 Kxg5 58. Nd5 a5 59. Nc3 Nc5 60. Ke3 Kg4 61. Kf2 a4 0-1


[Site "https://www.chess.com"]

[Event "Titled Tuesday Blitz March 14 Late 2023"]
[White "Mendonca, Leon Luke"]
[Black "Estrada Nieto, Julian"]
[WhiteFideId "35028561"]
[BlackFideId "5101018"]
[WhiteElo "2464"]
[BlackElo "2176"]
[Result "1-0"]
[Round "04"]
[TimeControl "180+1"]
[Date "2023.03.14"]
[WhiteClock "0:00:23"]
[BlackClock "0:00:02"]

1. e4 e5 2. Nf3 Nc6 3. Bc4 Bc5 4. c3 Nf6 5. d3 d6 6. a4 a6 7. Nbd2 Ba7 8. Nf1 Ng4 9. Ne3 Nxe3 10. Bxe3 O-O 11. Bxa7 Rxa7 12. h3 Be6 13. Bxe6 fxe6 14. O-O Qe8 15. Re1 h6 16. Rc1 Ra8 17. Re3 Ne7 18. d4 Ng6 19. dxe5 dxe5 20. g3 Rd8 21. Qb3 b6 22. Qc4 a5 23. Qxc7 Qxa4 24. Qxb6 Rd1+ 25. Rxd1 Qxd1+ 26. Kg2 Rf6 27. Qb5 Qc2 28. Qe2 Qxe2 29. Rxe2 a4 30. Rd2 Rf8 31. h4 Rb8 32. h5 Ne7 33. Nxe5 Kh7 34. Rd7 Ng8 35. Nc4 Nf6 36. Ra7 Nxe4 37. Rxa4 Nf6 38. Ra5 Rc8 39. Ne3 Rb8 40. b4 Rc8 41. c4 Ne4 42. Re5 Nd2 43. c5 Rb8 44. Nc2 Ra8 45. Rxe6 Ra2 46. Nd4 Nc4 47. Nf5 Kg8 48. Re7 Kf8 49. Re4 Nd2 50. Re2 Rb2 51. c6 1-0


[Site "https://www.chess.com"]

[Event "Titled Tuesday Blitz March 14 Late 2023"]
[White "Mickiewicz, Piotr"]
[Black "Karttunen, Mika"]
[WhiteFideId "1114891"]
[BlackFideId "502081"]
[WhiteElo "2246"]
[BlackElo "2396"]
[Result "0-1"]
[Round "04"]
[TimeControl "180+1"]
[Date "2023.03.14"]
[WhiteClock "0:00:21"]
[BlackClock "0:00:06"]

1. Nf3 Nf6 2. g3 g6 3. c4 Bg7 4. Nc3 O-O 5. Bg2 d6 6. d3 e5 7. Bg5 h6 8. Bxf6 Qxf6 9. Nd2 c6 10. Rb1 a5 11. a3 Qd8 12. Qc2 Be6 13. b4 axb4 14. axb4 Nd7 15. O-O Qc7 16. Ra1 Kh7 17. e3 Qb6 18. Qb3 Qc7 19. b5 Nc5 20. Qc2 f5 21. bxc6 bxc6 22. Nb5 Qd7 23. Rxa8 Rxa8 24. d4 Na6 25. d5 cxd5 26. cxd5 Bf7 27. Qc6 Qxc6 28. dxc6 d5 29. Nd6 Be6 30. Ra1 Nc7 31. Rxa8 Nxa8 32. Nb3 Bf8 33. Nc5 Bg8 34. Ncb7 Nc7 35. Kf1 Kg7 36. Ke2 Kf6 37. Kd3 Ke6 38. Nc8 Bb4 39. Nd8+ Kf6 40. Nb6 Ke7 41. Nb7 Bf7 42. Kc2 Be8 43. Nxd5+ Nxd5 44. Bxd5 Bd6 45. Kb3 Bc7 46. Kc4 g5 47. Kb5 h5 48. Ka6 h4 49. e4 f4 50. g4 f3 51. h3 Bg6 52. Kb5 Be8 53. Kc5 Bg6 54. Kb5 Be8 55. Nc5 Bd6 56. Na6 Ba3 57. Kb6 Bb2 58. Kb7 Bd4 59. c7 Bd7 60. Bc6 Be6 61. Nb4 Bxf2 62. Nd5+ Kd6 63. c8=Q Bxc8+ 64. Kxc8 Bd4 65. Nf6 f2 66. Bd5 f1=Q 67. Kd8 Qxh3 68. Ne8+ Kc5 69. Kd7 Qxg4+ 70. Ke7 Qf4 71. Nc7 Kb4 72. Ne6 Qe3 73. Nd8 h3 74. Nc6+ Kc5 75. Ke6 h2 76. Nd8 h1=Q 77. Nb7+ Kb6 78. Nd6 Qhf3 79. Kd7 Qg4+ 0-1


[Site "https://www.chess.com"]

[Event "Titled Tuesday Blitz March 14 Late 2023"]
[White "Mirimanian, Hayk"]
[Black "Avila Pavas, Santiago"]
[WhiteFideId "4700180"]
[BlackFideId "4437128"]
[WhiteElo "2280"]
[BlackElo "2365"]
[Result "0-1"]
[Round "04"]
[TimeControl "180+1"]
[Date "2023.03.14"]
[WhiteClock "0:00:11"]
[BlackClock "0:00:12"]

1. e4 Nf6 2. e5 Nd5 3. c4 Nb6 4. d4 d6 5. exd6 cxd6 6. Nc3 g6 7. a4 Bg7 8. a5 N6d7 9. Nf3 O-O 10. Be2 Nc6 11. O-O Nxa5 12. b4 Nc6 13. b5 Na5 14. Bg5 b6 15. Nd5 Re8 16. Nb4 Bb7 17. Ra2 Rc8 18. d5 Nxc4 19. Nc6 Bxc6 20. dxc6 Nde5 21. Nxe5 Nxe5 22. f4 f6 23. Bh4 Nf7 24. Rxa7 Ra8 25. Rd7 Qc8 26. Bc4 e6 27. Re1 d5 28. Bxd5 exd5 29. Qxd5 Rxe1+ 30. Bxe1 Qe8 31. Kf1 Ra1 32. Qd2 Bf8 33. c7 Rxe1+ 34. Qxe1 Qxd7 35. Qc3 Qc8 36. Qc6 Bd6 37. Qxb6 Qxc7 38. Qd4 Bxf4 39. Qxf6 Be5 40. Qe6 Qc1+ 41. Ke2 Qb2+ 42. Kf3 Qxb5 43. Qc8+ Kg7 44. Qc2 Qd5+ 45. Kf2 Bd4+ 46. Kg3 Qe5+ 47. Kf3 Ng5+ 48. Kg4 Qe4+ 49. Qxe4 Nxe4 50. Kf4 Nf6 51. h3 Bb6 52. g4 Bc7+ 53. Ke3 g5 54. Kd3 Bd6 55. Kd4 h6 56. Kc4 Kf7 57. Kb5 Ke6 58. Kc6 Ke5 59. Kb5 Kf4 60. Kc6 Be5 61. Kb7 Kg3 62. Kc8 Kxh3 63. Kd8 Bd6 0-1


[Site "https://www.chess.com"]

[Event "Titled Tuesday Blitz March 14 Late 2023"]
[White "Mirzoev, Azer"]
[Black "Chan, Kim Yew"]
[WhiteFideId "13400304"]
[BlackFideId "5717981"]
[WhiteElo "2525"]
[BlackElo "2206"]
[Result "1-0"]
[Round "04"]
[TimeControl "180+1"]
[Date "2023.03.14"]
[WhiteClock "0:00:04"]
[BlackClock "0:00:04"]

1. c4 Nf6 2. Nc3 c5 3. g3 g6 4. Bg2 Bg7 5. h4 Nc6 6. Nh3 d6 7. Nf4 h5 8. d3 O-O 9. a3 Bd7 10. Rb1 a5 11. b3 Ng4 12. Bb2 e6 13. O-O Rb8 14. e3 Nce5 15. d4 cxd4 16. exd4 Nc6 17. d5 Nd4 18. dxe6 Nxe6 19. Ncd5 Nxf4 20. Nxf4 Bxb2 21. Rxb2 Bc6 22. Rd2 Bxg2 23. Kxg2 Qe7 24. Re1 Qc7 25. Nd5 Qc5 26. a4 Rfe8 27. Rxe8+ Rxe8 28. Qf3 Kg7 29. Qf4 Re5 30. Qf3 Rf5 31. Qc3+ Kh7 32. f3 Ne5 33. Rf2 Ng4 34. Re2 Rxd5 35. fxg4 Re5 36. Rxe5 dxe5 37. gxh5 gxh5 38. Qf3 Kg6 39. Qe4+ f5 40. Qxb7 Qe3 41. Qc6+ Kg7 42. Qf3 Qd2+ 43. Kh3 Qc1 44. c5 Qxc5 45. Qxf5 Qc1 46. Qxh5 Qh1+ 47. Kg4 Qd1+ 48. Kg5 Qd2+ 49. Kf5 Qd3+ 50. Kg5 Qxb3 51. Qg4 e4 52. Kh5+ Kf8 53. Qxe4 Qf7+ 54. Kg4 Qd7+ 55. Qf5+ 1-0


[Site "https://www.chess.com"]

[Event "Titled Tuesday Blitz March 14 Late 2023"]
[White "Movahed, Sina"]
[Black "Fiorito, Joaquin"]
[WhiteFideId "42520835"]
[BlackFideId "180173"]
[WhiteElo "2225"]
[BlackElo "2157"]
[Result "0-1"]
[Round "04"]
[TimeControl "180+1"]
[Date "2023.03.14"]
[WhiteClock "0:00:01"]
[BlackClock "0:01:08"]

1. e4 c6 2. Nf3 d5 3. Nc3 Bg4 4. h3 Bxf3 5. Qxf3 e6 6. Be2 Nd7 7. d4 Bd6 8. e5 Bc7 9. Qg3 Ne7 10. Qxg7 Rg8 11. Qxh7 Nf8 12. Qh4 Nf5 13. Qxd8+ Rxd8 14. Bf1 Nxd4 15. f4 Nxc2+ 16. Kd1 Nxa1 17. b3 Ng6 18. h4 Ne7 19. h5 Nf5 20. Ne2 Kd7 21. Rh3 Bb6 22. Bb2 Ne3+ 23. Rxe3 Bxe3 24. Bxa1 Bf2 25. Bc3 b6 26. Bd2 Ke7 27. Nc1 Bg3 28. Nd3 c5 29. Ke2 Rh8 30. Kf3 Rdg8 31. h6 Rxh6 32. f5 Rh5 33. f6+ Kd7 34. Ke2 Bxe5 35. Be3 Bxf6 36. Nf4 Rf5 37. Ke1 Bh4+ 38. Kd1 e5 39. Bb5+ Kd6 40. Ne2 d4 41. Bd2 e4 42. b4 Rxg2 43. bxc5+ bxc5 44. Bc4 e3 45. Bc1 Rf1+ 46. Kc2 Rxe2+ 47. Bxe2 Rf2 48. Kd1 Kd5 49. Ba3 Rxe2 50. Bc1 Re1+ 0-1


[Site "https://www.chess.com"]

[Event "Titled Tuesday Blitz March 14 Late 2023"]
[White "Nakamura, Hikaru"]
[Black "Hansen, Eric"]
[WhiteFideId "2016192"]
[BlackFideId "2606771"]
[WhiteElo "2879"]
[BlackElo "2569"]
[Result "1/2-1/2"]
[Round "04"]
[TimeControl "180+1"]
[Date "2023.03.14"]
[WhiteClock "0:00:09"]
[BlackClock "0:00:15"]

1. Nf3 d5 2. g3 g6 3. Bg2 Bg7 4. O-O e5 5. d3 Ne7 6. c4 O-O 7. Nc3 dxc4 8. dxc4 Nbc6 9. e4 Nd4 10. h3 Be6 11. b3 Nxf3+ 12. Qxf3 Nc6 13. Rd1 Nd4 14. Qd3 Qc8 15. Kh2 c6 16. Ne2 Rd8 17. Bb2 Qc7 18. Nxd4 exd4 19. f4 c5 20. Rf1 Rab8 21. f5 Bd7 22. Bc1 Re8 23. Bf4 Be5 24. Rf2 b5 25. Rc1 Bxf4 26. Rxf4 Qe5 27. cxb5 Bxb5 28. Qd2 Rb6 29. h4 Rd8 30. Qf2 Rb7 31. Bf1 Bxf1 32. Rxf1 Rdd7 33. Rg4 d3 34. fxg6 hxg6 35. Rg5 Qxe4 36. Rxc5 Rd8 37. Qf6 Qe7 38. Rcc1 d2 39. Rcd1 Qxf6 40. Rxf6 Rc7 41. Rf2 Rc2 42. a4 Rd4 43. Kg2 Rb4 44. Rfxd2 Rxd2+ 45. Rxd2 Rxb3 46. Rd7 Rb2+ 47. Kh3 Ra2 48. Rxa7 Kg7 49. a5 Ra4 50. a6 Kg8 51. Rb7 Rxa6 52. Rb3 Kg7 53. g4 Ra4 54. Rc3 Ra7 55. Rb3 Re7 56. Rf3 Re6 57. Rc3 Re7 58. Kg3 Re6 59. Rc5 Re7 60. h5 gxh5 61. Rxh5 Re3+ 62. Kf4 Re6 63. Rg5+ Kf8 64. Ra5 Rf6+ 65. Kg3 Kg7 66. g5 Rc6 67. Kf4 Rc4+ 68. Kf5 Rc1 69. Ra6 Rf1+ 70. Kg4 Rg1+ 71. Kf4 Rf1+ 72. Ke3 Rg1 73. Kf2 Rxg5 74. Kf3 Rg6 75. Ra5 Re6 76. Kf4 Kg6 77. Kg4 Re4+ 78. Kf3 Re6 79. Kf4 Kg7 80. Kg4 Rg6+ 81. Kf4 Rb6 82. Kg4 Kf6 83. Rf5+ Kg6 84. Ra5 Rb4+ 85. Kg3 f5 86. Ra8 Kg5 87. Rg8+ Kf6 88. Rf8+ Ke6 89. Re8+ Kf7 90. Ra8 Rc4 91. Kf3 Ke6 92. Rf8 Ke5 93. Re8+ Kd5 94. Rf8 Ke6 95. Re8+ Kf7 96. Ra8 Rb4 97. Ra6 Kg7 98. Rc6 Kf7 99. Rd6 Ke7 100. Ra6 Rc4 101. Ke3 Rh4 102. Kf3 Kf7 103. Ra7+ Kf6 104. Ra8 Rh3+ 105. Kf4 Rh4+ 106. Kg3 Rb4 107. Kf3 Rb3+ 108. Kf4 Rb4+ 109. Ke3 Ke5 110. Re8+ Kf6 111. Rf8+ Ke6 112. Kf3 Rb3+ 113. Kf4 Rb4+ 114. Kg3 Ke5 115. Re8+ Kf6 116. Ra8 Kg5 117. Rg8+ Kf6 118. Rh8 Kg7 119. Rc8 Ra4 120. Kf3 Kf7 121. Rc6 Ke7 122. Rh6 Kf7 123. Ke3 Kg7 124. Rb6 Kf7 125. Kf2 Ra3 126. Kg2 Kg7 127. Kf2 Rc3 128. Ra6 Rb3 129. Ke2 Rh3 130. Ra8 Kf6 131. Ra4 Kg5 132. Kf2 Rh4 133. Ra8 Kf4 134. Ra4+ Kg5 135. Rxh4 Kxh4 136. Kf3 Kg5 137. Kg3 f4+ 138. Kf3 Kf5 139. Kf2 Ke4 140. Ke2 Ke5 141. Kf3 Kf5 142. Kf2 Kg5 143. Kf3 Kf5 1/2-1/2


[Site "https://www.chess.com"]

[Event "Titled Tuesday Blitz March 14 Late 2023"]
[White "Nesterov, Arseniy"]
[Black "Lazavik, Denis"]
[WhiteFideId "24198455"]
[BlackFideId "13515110"]
[WhiteElo "2491"]
[BlackElo "2560"]
[Result "1/2-1/2"]
[Round "04"]
[TimeControl "180+1"]
[Date "2023.03.14"]
[WhiteClock "0:00:07"]
[BlackClock "0:00:04"]

1. d4 Nf6 2. c4 e6 3. Nf3 d5 4. Nc3 Be7 5. Bg5 h6 6. Bxf6 Bxf6 7. e3 O-O 8. h4 c5 9. g4 cxd4 10. exd4 Nc6 11. g5 hxg5 12. hxg5 Bxg5 13. Qd3 f5 14. cxd5 exd5 15. Bg2 Be6 16. Kf1 Bh6 17. Re1 Qf6 18. Qb5 Rae8 19. Qxb7 Bf7 20. Rxe8 Rxe8 21. Qd7 Rd8 22. Qc7 Qd6 23. Qxd6 Rxd6 24. Ke2 g5 25. Kd3 Kg7 26. a3 g4 27. Ne5 Nxe5+ 28. dxe5 Rd7 29. Kd4 Bd2 30. Nxd5 f4 31. Be4 g3 32. fxg3 fxg3 33. Rh3 Bf4 34. Rh4 Bc1 35. Rg4+ Kf8 36. Rxg3 Bxb2+ 37. Kc5 Bxe5 38. Rf3 Kg7 39. Rf5 Bb2 40. Rg5+ Kf8 41. Rg3 Rd8 42. Nb4 Bd4+ 43. Kb5 Bb6 44. Rf3 Kg7 45. Rg3+ Kh6 46. Rf3 Be8+ 47. Bc6 Bh5 48. Rh3 Kg5 49. Nd5 Be2+ 50. Kb4 Bd4 51. Rg3+ Kh4 52. Rg2 Rb8+ 53. Ka4 Bd1+ 54. Ka5 Bf3 55. Rd2 Bb6+ 56. Nxb6 axb6+ 57. Kb5 Bg4 58. Rd4 Kg5 59. a4 Be2+ 60. Kb4 Kf6 61. Bb5 Bh5 62. Rd5 Bf7 63. Rd7 Be6 64. Ra7 Ke5 65. Bc4 Bf5 66. Kb5 Kd6 67. Rf7 Bd7+ 68. Kb4 Rh8 69. Rf6+ Kc7 70. Rf7 Rh4 71. Kb3 Kd6 72. Rg7 Bc6 73. Rg6+ Kc5 74. Rg5+ Kd4 75. Rg6 Be8 76. Rxb6 Kc5 77. Rb8 Rh3+ 78. Kb2 Bxa4 79. Rc8+ Kb4 80. Ba2 Rh2+ 81. Ka1 Bb5 82. Rb8 Rf2 83. Bb1 Kc5 84. Rc8+ Kd4 85. Rc2 Rf6 86. Kb2 Bd3 87. Rc1 Rb6+ 88. Ka1 Bc4 89. Rd1+ Kc3 90. Rc1+ Kb4 91. Rc2 Ra6+ 92. Kb2 Rh6 93. Rd2 Rh3 94. Bc2 Ra3 95. Rd4 Ra5 96. Bd3 Ra2+ 97. Kb1 Kc3 98. Rxc4+ Kxd3 99. Kxa2 Kxc4 1/2-1/2


[Site "https://www.chess.com"]

[Event "Titled Tuesday Blitz March 14 Late 2023"]
[White "Omelja, Artem"]
[Black "Sabar, Ethmane Daouda"]
[WhiteFideId "14119846"]
[BlackFideId "19600097"]
[WhiteElo "2404"]
[BlackElo "1950"]
[Result "1-0"]
[Round "04"]
[TimeControl "180+1"]
[Date "2023.03.14"]
[WhiteClock "0:02:08"]
[BlackClock "0:01:07"]

1. e4 e5 2. Nf3 Nc6 3. d4 exd4 4. Nxd4 Nf6 5. Nxc6 bxc6 6. e5 Qe7 7. Qe2 Nd5 8. c4 Ba6 9. h4 h6 10. Rh3 Nb6 11. b3 Qe6 12. Nd2 g6 13. Bb2 Bg7 14. O-O-O O-O 15. h5 g5 16. Re3 c5 17. Qf3 Rab8 18. Bd3 Bb7 19. Qf5 Bxg2 1-0


[Site "https://www.chess.com"]

[Event "Titled Tuesday Blitz March 14 Late 2023"]
[White "Papasimakopoulos, Alexandros"]
[Black "Cheng, Xiao"]
[WhiteFideId "4244125"]
[BlackFideId "2022915"]
[WhiteElo "2359"]
[BlackElo "2461"]
[Result "1-0"]
[Round "04"]
[TimeControl "180+1"]
[Date "2023.03.14"]
[WhiteClock "0:01:27"]
[BlackClock "0:01:07"]

1. e4 c5 2. b4 d5 3. exd5 Qxd5 4. Nf3 cxb4 5. a3 b3 6. c4 Qe4+ 7. Be2 Nf6 8. Qxb3 e6 9. Nc3 Qg4 10. O-O a6 11. d4 Be7 12. h3 Qf5 13. c5 Ne4 14. g4 Nxc5 15. dxc5 Qxc5 16. Be3 Qa5 17. Bb6 1-0


[Site "https://www.chess.com"]

[Event "Titled Tuesday Blitz March 14 Late 2023"]
[White "Peatman, Carter"]
[Black "Filgueira, Hernan"]
[WhiteFideId "2096480"]
[BlackFideId "101770"]
[WhiteElo "2003"]
[BlackElo "2363"]
[Result "0-1"]
[Round "04"]
[TimeControl "180+1"]
[Date "2023.03.14"]
[WhiteClock "0:00:16"]
[BlackClock "0:00:16"]

1. d4 d5 2. Bf4 e6 3. e3 Bd6 4. Bg3 Ne7 5. c4 dxc4 6. Bxc4 O-O 7. Nc3 Nbc6 8. Nf3 Nf5 9. e4 Nxg3 10. hxg3 e5 11. d5 Ne7 12. Qe2 Ng6 13. O-O-O a6 14. Kb1 b5 15. Bb3 Qf6 16. Nh4 Ne7 17. Rdf1 Bd7 18. f4 Ng6 19. f5 Nxh4 20. Rxh4 Rfb8 21. Rfh1 h6 22. g4 Kf8 23. Rh5 Ke7 24. Qe3 a5 25. g5 hxg5 26. Rxg5 a4 27. Bd1 b4 28. Ne2 a3 29. Rh7 Rg8 30. Qg3 Kf8 31. b3 Be7 32. Rg4 Ra5 33. Bc2 Rc5 34. Bd3 c6 35. Bc4 cxd5 36. Bxd5 Rxd5 37. exd5 Bxf5+ 38. Kc1 Bxh7 39. Rc4 g6 40. Qh3 Kg7 41. Rh4 Qxh4 42. Qe3 Qg5 43. Kd2 Qxe3+ 44. Kxe3 f5 45. Kd3 Rc8 46. d6 Bxd6 47. Nf4 exf4 48. g4 Rc3+ 49. Kd4 fxg4 50. Kd5 g3 51. Ke6 f3 52. Kd7 f2 53. Ke6 Bb8 54. Kd7 f1=Q 55. Ke8 Qe2+ 56. Kd7 Rc7+ 57. Kd8 Qe7# 0-1


[Site "https://www.chess.com"]

[Event "Titled Tuesday Blitz March 14 Late 2023"]
[White "Perez Ponsa, Federico"]
[Black "Ismagilov, Damir"]
[WhiteFideId "117927"]
[BlackFideId "34199982"]
[WhiteElo "2592"]
[BlackElo "2078"]
[Result "0-1"]
[Round "04"]
[TimeControl "180+1"]
[Date "2023.03.14"]
[WhiteClock "0:00:07"]
[BlackClock "0:00:06"]

1. e4 e6 2. d4 d5 3. e5 c5 4. c3 Nc6 5. Nf3 Nh6 6. Bxh6 gxh6 7. Be2 Qb6 8. Qd2 Rg8 9. O-O Bd7 10. Na3 a6 11. Nc2 O-O-O 12. dxc5 Qxc5 13. b4 Qb6 14. a4 a5 15. bxa5 Qxa5 16. Rfb1 Bc5 17. Rb5 Qa7 18. Bf1 Rg4 19. Rab1 Rdg8 20. Ncd4 Nxd4 21. cxd4 Bxb5 22. axb5 Bxd4 23. h3 Bxf2+ 24. Qxf2 Qxf2+ 25. Kxf2 Ra4 26. Rb2 Kc7 27. b6+ Kb8 28. Bb5 Ra5 29. Bd3 Rc8 30. Rb4 Ra2+ 31. Kg3 Rc3 32. Rg4 Rb2 33. Rg8+ Rc8 34. Rg7 Rxb6 35. Rxf7 Rc7 36. Rf8+ Ka7 37. Rf6 Re7 38. Rxh6 Rb4 39. Bxh7 b5 40. Bg8 Rg7+ 41. Kh2 Rxg8 42. Rxe6 Rb2 43. Nh4 b4 44. Rd6 b3 45. Rxd5 Rc2 46. Rb5 b2 47. e6 Rb8 48. Ra5+ Kb6 49. Re5 b1=Q 50. Nf3 Re8 51. e7 Qb2 52. Re6+ Kc7 53. Rg6 Qc3 54. Ng5 Qe5+ 55. Kg1 Rc1+ 56. Kf2 Rxe7 57. Nf3 Qc5+ 58. Kg3 Rc3 59. Rg4 Rxf3+ 60. gxf3 Kd7 61. h4 Qd6+ 62. Kg2 Re6 63. h5 Re5 64. Rh4 Rg5+ 65. Kh3 Qg3# 0-1


[Site "https://www.chess.com"]

[Event "Titled Tuesday Blitz March 14 Late 2023"]
[White "Petukhov, Dmitry"]
[Black "Bogaudinov, Rushan"]
[WhiteFideId "4142748"]
[BlackFideId "4129288"]
[WhiteElo "2311"]
[BlackElo "1949"]
[Result "1-0"]
[Round "04"]
[TimeControl "180+1"]
[Date "2023.03.14"]
[WhiteClock "0:00:24"]
[BlackClock "0:00:02"]

1. e4 a6 2. Ke2 e6 3. Kd3 b5 4. Ke2 Bb7 5. d3 d5 6. exd5 Qxd5 7. Nc3 Qd8 8. Be3 Nf6 9. Kd2 Be7 10. Qe2 c5 11. Rd1 Nc6 12. Kc1 Nd4 13. Bxd4 cxd4 14. Ne4 Nd5 15. Nf3 Qb6 16. g3 Rc8 17. Kb1 Nb4 18. Rc1 Qa5 19. a3 Nc6 20. Nfd2 O-O 21. Bg2 Bxa3 22. Nb3 Qa4 23. Nec5 Bxc5 24. Nxc5 Qb4 25. Nxb7 Qe7 26. Bxc6 Rxc6 27. Na5 Rcc8 28. Qd2 e5 29. Rhe1 Qd6 30. f4 Rfe8 31. fxe5 Rxe5 32. Qf4 f6 33. Rxe5 fxe5 34. Qe4 Qc7 35. Qe1 h6 36. Qd2 Kh7 37. Re1 Rf8 38. Nb3 Rf3 39. Qg2 Qf7 40. Rxe5 Rf1+ 41. Nc1 Qf2 42. Qe4+ 1-0


[Site "https://www.chess.com"]

[Event "Titled Tuesday Blitz March 14 Late 2023"]
[White "Pham, Khoi"]
[Black "Yuan, Qingyu"]
[WhiteFideId "1054988"]
[BlackFideId "8609772"]
[WhiteElo "2542"]
[BlackElo "2359"]
[Result "1-0"]
[Round "04"]
[TimeControl "180+1"]
[Date "2023.03.14"]
[WhiteClock "0:00:20"]
[BlackClock "0:00:01"]

1. Nf3 d5 2. e3 Nf6 3. c4 e6 4. b3 Be7 5. Bb2 O-O 6. Qc2 dxc4 7. bxc4 Nfd7 8. h4 Bf6 9. d4 c5 10. Bd3 g6 11. h5 Qe8 12. Nc3 cxd4 13. exd4 Nc6 14. Ne4 Bg7 15. h6 Nb4 16. Qd2 Nxd3+ 17. Qxd3 Bh8 18. O-O b6 19. Qc2 Qd8 20. d5 e5 21. Rfe1 Re8 22. Nd6 Re7 23. Rad1 Ba6 24. Ng5 Qf8 25. f4 Qxh6 26. Ngxf7 Qxf4 27. Re4 Qf6 28. Rf1 Qg7 29. Ng5 Rf8 30. Ree1 Rxf1+ 31. Rxf1 Qh6 32. Qf2 Bg7 33. Ne6 Qh5 34. Ne4 Qg4 35. Ba3 Qxe4 36. Bxe7 Qf5 37. Qh4 Qd3 38. Nxg7 Kxg7 39. Bf6+ Kg8 40. Qh6 Qd4+ 41. Kh1 Nxf6 42. Rxf6 Qd1+ 43. Kh2 1-0


[Site "https://www.chess.com"]

[Event "Titled Tuesday Blitz March 14 Late 2023"]
[White "Pino Perez, Lazaro"]
[Black "Khatena, Moshe"]
[WhiteFideId "3517055"]
[BlackFideId "2010461"]
[WhiteElo "2170"]
[BlackElo "2199"]
[Result "0-1"]
[Round "04"]
[TimeControl "180+1"]
[Date "2023.03.14"]
[WhiteClock "0:00:05"]
[BlackClock "0:00:47"]

1. d4 b5 2. e4 Bb7 3. Bd3 Nf6 4. Qe2 a6 5. Nf3 e6 6. Nbd2 d5 7. e5 Nfd7 8. c3 c5 9. O-O Nc6 10. a3 Qb6 11. dxc5 Nxc5 12. Bc2 a5 13. b4 Nd7 14. Nb3 a4 15. Be3 Qc7 16. Nbd4 Ncxe5 17. Nxe5 Qxe5 18. Qxb5 Bd6 19. Nf3 Ba6 20. Qxa4 Qh5 21. Qc6 Ke7 22. Bg5+ f6 23. Rfe1 Rhc8 24. Qxd5 Ne5 25. Qe4 Nxf3+ 26. Qxf3 Qxh2# 0-1


[Site "https://www.chess.com"]

[Event "Titled Tuesday Blitz March 14 Late 2023"]
[White "Popov, Mikhail"]
[Black "Ozer, Omer Faruk"]
[WhiteFideId "4146182"]
[BlackFideId "6354564"]
[WhiteElo "2270"]
[BlackElo "2260"]
[Result "1-0"]
[Round "04"]
[TimeControl "180+1"]
[Date "2023.03.14"]
[WhiteClock "0:00:02"]
[BlackClock "0:00:07"]

1. c4 Nc6 2. g3 h5 3. h3 e5 4. Bg2 Bc5 5. Nc3 d6 6. e3 a6 7. Nge2 Ba7 8. d4 Nge7 9. d5 Nb8 10. Qc2 Nd7 11. Bd2 Rb8 12. a4 a5 13. Nb5 Bb6 14. b4 axb4 15. Bxb4 Bc5 16. Bd2 f5 17. h4 Nf6 18. Bh3 O-O 19. Ng1 c6 20. Nc3 cxd5 21. cxd5 Nexd5 22. Nxd5 Nxd5 23. Nf3 Qe7 24. Ng5 Nc7 25. Bg2 Ne6 26. Bd5 Kh8 27. Bxe6 Bxe6 28. O-O Rbc8 29. Qd1 g6 30. Rb1 Bd5 31. e4 fxe4 32. Be3 Bc6 33. Bxc5 dxc5 34. Qc1 Rf5 35. Rb3 Rcf8 36. Nh3 Bxa4 37. Rc3 b6 38. Ra3 Bc6 39. Ra6 Qd7 40. Rxb6 e3 41. Qxe3 Kg7 42. Rfb1 Qd5 43. Rxc6 Qxc6 44. Rc1 e4 45. Qc3+ Kh6 46. Qe3+ Kh7 47. Qc3 Qd5 48. Qe3 c4 49. Ng5+ Kg8 50. Qa7 e3 51. Qh7# 1-0


[Site "https://www.chess.com"]

[Event "Titled Tuesday Blitz March 14 Late 2023"]
[White "Preotu, Razvan"]
[Black "Deac, Bogdan-Daniel"]
[WhiteFideId "2613280"]
[BlackFideId "1226380"]
[WhiteElo "2407"]
[BlackElo "2649"]
[Result "0-1"]
[Round "04"]
[TimeControl "180+1"]
[Date "2023.03.14"]
[WhiteClock "0:00:01"]
[BlackClock "0:00:05"]

1. e4 c6 2. Nc3 d5 3. Nf3 a6 4. d4 Bg4 5. h3 Bh5 6. exd5 cxd5 7. g4 Bg6 8. h4 f6 9. h5 Bf7 10. g5 e6 11. Bf4 Bd6 12. Qd2 Nc6 13. O-O-O Bxf4 14. Qxf4 fxg5 15. Nxg5 Qf6 16. Qe3 Nge7 17. Bh3 Nf5 18. Bxf5 Qxf5 19. Nxf7 Qxf7 20. Nxd5 O-O 21. Nb6 Rad8 22. h6 g6 23. c3 Qf5 24. Rde1 Rf6 25. Rhg1 Qb5 26. d5 exd5 27. Nd7 Rf5 28. Qe6+ Kh8 29. Qe8+ Rf8 30. Nxf8 Rxe8 31. Rxe8 Kg8 32. Nd7+ Kf7 33. Rge1 g5 34. Rf8+ Kg6 35. Rf6+ Kh5 36. Rh1+ Kg4 37. Rg1+ Kh4 38. Rf3 Qa4 39. Rfg3 g4 40. Kb1 Qe4+ 41. Ka1 Qf5 0-1


[Site "https://www.chess.com"]